 Dungeon Crawl Stone Soup version 0.28-a0-261-gc0b50483a2 (webtiles) character file.

Game seed: 10935214193699829493

819 PentaManta the Grappler (level 7, -2/57 HPs)
             Began as a Ghoul Abyssal Knight on Aug 27, 2021.
             Was a Priest of Lugonu.
             Slain by an ogre (24 damage)
             ... on level 5 of the Dungeon.
             The game lasted 00:07:15 (5103 turns).

PentaManta the Grappler (Ghoul Abyssal Knight)      Turns: 5103, Time: 00:07:15

Health: -2/57      AC:  5    Str: 18    XL:     7   Next: 95%
Magic:  7/7        EV: 10    Int:  7    God:    Lugonu [***...]
Gold:   94         SH:  0    Dex:  8    Spells: 6/6 levels left

rFire   . . .      SeeInvis .     - Unarmed
rCold   + . .      Faith    .   (no shield)
rNeg    + + +      Spirit   .   b - +0 ring mail
rPois   ∞          Reflect  .   (no helmet)
rElec   .          Harm     .   (no cloak)
rCorr   .          Rampage  .   (no gloves)
Will    .....                   (no boots)
Stlth   ..........              (no amulet)
HPRegen 0.00/turn               j - +4 ring of slaying
MPRegen 0.10/turn               (no ring)

@: inhibited regen
A: claws 1, cold resistance 1, negative energy resistance 3, inhibited
regeneration, torment resistance 2
a: Renounce Religion, Depart the Abyss, Bend Space, Banish


You were on level 5 of the Dungeon.
You worshipped Lugonu.
Lugonu was most pleased with you.
You visited 1 branch of the dungeon, and saw 5 of its levels.
You visited the Abyss 1 time.
You also visited: Sewer.

You collected 94 gold pieces.

Inventory:

Missiles
 n - 3 boomerangs (quivered)
 p - 9 poisoned darts
Armour
 b - a +0 ring mail (worn)
 c - a +0 plate armour
 h - a +0 pair of gloves
 q - the +2 robe "Woachoocw" {Harm Will++ Regen+ Int-5}
   (You found it on level 4 of the Dungeon)

   Int:       It affects your intelligence (-5).
   Regen:     It increases your rate of health regeneration.
   Harm:      It increases damage dealt and taken.
   Will:      It greatly increases your willpower.
Jewellery
 j - a +4 ring of slaying (left claw)
Scrolls
 f - 2 scrolls of teleportation {unknown}
 k - a scroll of fog {unknown}
 m - a scroll of amnesia {unknown}
 o - a scroll of torment {unknown}
Potions
 d - 5 potions of curing
 g - a potion of might
 i - 2 potions of flight
 l - 2 potions of haste {unknown}
 r - a potion of mutation {unknown}


   Skills:
 - Level 3.2 Fighting
 - Level 1.7 Armour
 - Level 0.8 Dodging
 + Level 9.7 Unarmed Combat
 - Level 2.0 Invocations


You had 6 spell levels left.
You didn't know any spells.
Your spell library contained the following spells:

 Spells                   Type           Power      Damage    Failure   Level
 Sting                    Tmut/Pois      0%         1d3       63%         1
 Summon Small Mammal      Summ           0%         N/A       63%         1
 Poisonous Vapours        Pois/Air       0%         N/A       77%         2
 Call Canine Familiar     Summ           0%         N/A       94%         3
 Conjure Flame            Conj/Fire      0%         6-21      94%         3
 Ignite Poison            Fire/Tmut/Pois 0%         N/A       94%         3
 Summon Guardian Golem    Hex/Summ       0%         N/A       94%         3
 Tukima's Dance           Hex            0%         N/A       94%         3
 Passage of Golubria      Tloc           N/A        N/A       100%        4
 Sticky Flame             Conj/Fire      0%         2d3       100%        4
 Alistair's Intoxication  Tmut/Pois      0%         N/A       100%        5
 Yara's Violent Unravell  Hex/Tmut       0%         3d3       100%        5


Dungeon Overview and Level Annotations

Branches:
Dungeon (5/15)              Sewer (visited)
 Temple: D:4-7

Altars:
Fedhas
Ru


Innate Abilities, Weirdness & Mutations

You thrive by killing the living.
You are immune to poison.
You have sharp fingernails.
Your flesh is cold resistant. (rC+)
You are immune to negative energy. (rN+++)
You do not regenerate when monsters are visible.
You are immune to unholy pain and torment.


Message History

You claw the bullfrog zombie!
You destroy the bullfrog zombie!
Lugonu accepts your kill.
You hear the hiss of an avalanche of sand nearby.
The adder bites you.
* * * LOW HITPOINT WARNING * * *
You claw the adder!
The adder is almost dead.
The adder bites you but does no damage.
You claw the adder!
You kill the adder!
Lugonu accepts your kill.
A black bear and a zombie come into view.
Found 15 poisoned darts.
The black bear growls angrily.
The black bear bites you.
* * * LOW HITPOINT WARNING * * *
The black bear claws you.
* * * LOW HITPOINT WARNING * * *
The black bear barely misses you.
Press: ? - help, Shift-Dir - straight line, f - black bear
Aim: a black bear (chance to affect: 81%)
Okay, then.
Space bends around you!
You blink.
You open the door.
Found a hand axe.
Found 25 stones.
There is an open door here.
Found a falchion.
You close the door.
You start resting.
You hear the brisk hiss of a distant avalanche of sand.
You start resting.
You hear the brisk hiss of a distant avalanche of sand.
As you read the scroll labelled ZULAUG IHAAT, it crumbles to dust.
It is a scroll of identify.
g - a potion of might An ogre comes into view.
It is wielding a +0 giant club.
The ogre hits you with a +0 giant club!!
You die...

....#................#
#.#,,,,.
#.#.#.####..###.....##
#.#****# ..#.#.##
##.#.......# #.# #
.......####.#.#.....#
#.######
..Zh...+......#.....#
#.......
.......##)...###.####
#.......
.......##.....##.#
#.......
.......##.....##.#
#.......
.......##...(.##@#
#.......
.......##..)...#O#
##......
.......##....#.#.#
#..#....
.......##....#.#.#
#.......
....####*,,,,*,#.#
#.##.### ,,*,*
*,,,,*,..# #....#
*,*,*** *,,,,**..#
*****######* ,,,,,,*
*******..#
*,,,,,,,,,,* ,,*,*,*
*,,* *,,,,,,,,,,*


You could see an ogre.

Vanquished Creatures
  A necrophage (D:5)
  A centaur (D:5)
  A bullfrog (D:4)
  A kobold brigand (Sewer)
  A water moccasin zombie (D:5)
  A wight (D:5)
  A howler monkey (D:5)
  A bullfrog zombie (D:5)
  A hound (D:5)
  An orc priest (D:3)
  A bullfrog skeleton (D:5)
  2 iguanas (D:4)
  A howler monkey skeleton (D:5)
  6 adders
  2 river rats
  An ufetubus (D:5)
  2 adder skeletons
  2 worms
  14 orcs
  6 ball pythons
  2 bats
  9 endoplasms
  3 giant cockroaches
  7 goblins
  6 hobgoblins
  4 jackals
  11 kobolds
  6 quokkas
  7 frilled lizards
  13 rats
115 creatures vanquished.

Notes
Turn   | Place    | Note
-------+----------+-------------------------------------------
     0 | Abyss:1  | PentaManta the Ghoul Abyssal Knight began the quest for the
                  | Orb.
     0 | Abyss:1  | Reached XP level 1. HP: 19/19 MP: 1/1
    21 | Abyss:1  | Found a corrupted altar of Lugonu.
    30 | Abyss:1  | Noticed a rakshasa
    33 | D:1      | Escaped the Abyss
   140 | D:1      | Reached * piety under Lugonu
   155 | D:1      | Reached XP level 2. HP: 23/26 MP: 2/2
   202 | D:1      | Reached skill level 3 in Unarmed Combat
   390 | D:1      | Got the Handbook of the Volcanoes and Poison
   606 | D:1      | Reached XP level 3. HP: 31/31 MP: 3/3
   802 | D:1      | Found a faded altar of an unknown god.
  1099 | D:2      | Reached skill level 4 in Unarmed Combat
  1458 | D:2      | Reached XP level 4. HP: 36/38 MP: 4/4
  1530 | D:2      | Reached ** piety under Lugonu
  1583 | D:2      | Found a sacrificial altar of Ru.
  1888 | D:3      | Reached skill level 5 in Unarmed Combat
  2132 | D:3      | Reached XP level 5. HP: 45/45 MP: 5/5
  3026 | D:4      | Reached skill level 6 in Unarmed Combat
  3027 | D:4      | Reached *** piety under Lugonu
  3030 | D:4      | Found a glowing drain.
  3055 | Sewer    | Entered a sewer
  3232 | Sewer    | Noticed a kobold brigand
  3282 | Sewer    | Killed a kobold brigand
  3283 | Sewer    | Reached XP level 6. HP: 17/51 MP: 6/6
  3650 | D:4      | Identified the +2 robe "Woachoocw" {Harm Will++ Regen+
                  | Int-5}
  3700 | D:4      | Reached skill level 7 in Unarmed Combat
  4634 | D:5      | Entered Level 5 of the Dungeon
  4653 | D:5      | Reached skill level 8 in Unarmed Combat
  4653 | D:5      | Reached XP level 7. HP: 57/57 MP: 7/7
  4723 | D:5      | Found a blossoming altar of Fedhas.
  4940 | D:5      | Reached skill level 9 in Unarmed Combat
  5103 | D:5      | Slain by an ogre

Illustrated notes

Levels and vault maps discovered:
D:1:      mainiacjoe_arrival_reflecting_pool, layout_basic,
          shapermc_ecumenical_altar_petra, serial_bayou_pond_d,
          minmay_pentomino_w2
D:2:      layout_rooms, basic_altar
D:3:      layout_loops_corners
D:4:      layout_loops_corners, portal_sewer_entry_b,
          chequers_serial_rivers_marsh, glass_columns_c
D:5:      layout_basic, fedhas_bush_and_centaur_altar,
          lemuel_mausoleum_altar_yredelemnul, nicolae_ossuary_entry_catacombs

Skill      XL: |  1  2  3  4  5  6  7 |
---------------+----------------------+-----
Unarmed Combat | 3 4 5 6 8 9 |  9.7
Fighting       | |  3.2
Armour         | |  1.7
Dodging        | |  0.8
Invocations    | |  2.0

Action                   |  1- 3 |  4- 6 |  7- 9 || total
-------------------------+-------+-------+-------++-------
Melee: Unarmed           |   137 |   201 |    37 ||   375
       Punch             |       |     3 |     1 ||     4
Throw: Boomerang         |       |       |     2 ||     2
Invok: Depart the Abyss  |     1 |       |       ||     1
       Bend Space        |       |       |     1 ||     1
  Use: Scroll            |       |     1 |     2 ||     3
       Potion            |       |     1 |       ||     1
Armor: Ring mail         |    56 |    54 |     9 ||   119
Dodge: Dodged            |    74 |    98 |    31 ||   203

Table legend: (Time is in decaauts)
 A = Elapsed time spent in this place.
 B = Non-inter-level travel time spent in this place.
 C = Inter-level travel time spent in this place.
 D = Time resting spent in this place.
 E = Time spent auto-exploring this place.
 F = Levels seen in this place.
 G = Mean time per level.
                   A        B        C        D        E       F      G
               +--------+--------+--------+--------+--------+-----+--------+
         Total |   5130 |   4972 |    158 |   1024 |   2803 |   7 |  732.9 |
       Dungeon |   4484 |   4326 |    158 |    737 |   2689 |   5 |  896.8 |
         Abyss |     33 |     33 |      0 |      0 |      0 |   1 |   33.0 |
         Sewer |    613 |    613 |      0 |    287 |    113 |   1 |  613.0 |
               +--------+--------+--------+--------+--------+-----+--------+

Top non-repeatable levels by time:
     D:1: 1190 daAuts
     D:3: 1177 daAuts
     D:4: 1070 daAuts
   Sewer: 613 daAuts
     D:2: 583 daAuts
     D:5: 462 daAuts
 Abyss:1: 33 daAuts
